[ PARTIDA AOE2 · #477920275 ]
UnrankedBizantinos vs Bohemians
[ ANÁLISIS DE REPETICIÓN · EXTRAÍDO DE LA PARTIDA GRABADA ]
Feudal
13:50
Castillos
17:30
Imperial
33:20
| APM promedio | 57.7 |
| APM pico | 129 |
| eAPM promedio | 43.5 |
| Aldeanos / militares | 239 / 1148 |
Foco
⚔️ 51.2% · 🌾 48.8%
Spearman ×933 · Camel Scout ×90 · Cataphract ×58 · Trade Cart ×44 · Battering Ram ×28 · Trebuchet (Packed) ×20
Feudal
14:11
Castillos
17:47
Imperial
30:36
| APM promedio | 49.4 |
| APM pico | 85 |
| eAPM promedio | 31.1 |
| Aldeanos / militares | 217 / 1691 |
Foco
⚔️ 55.8% · 🌾 44.2%
Spearman ×1492 · Hussite Wagon ×165 · Bombard Cannon ×33 · Trade Cart ×23 · Monk ×1
Feudal
14:26
Castillos
19:03
Imperial
37:27
| APM promedio | 44.1 |
| APM pico | 103 |
| eAPM promedio | 24.6 |
| Aldeanos / militares | 230 / 405 |
Foco
⚔️ 34.0% · 🌾 66.0%
Coustillier ×179 · Scout Cavalry ×145 · Hand Cannoneer ×53 · Trade Cart ×26 · Fishing Ship ×22 · Trebuchet (Packed) ×12
Feudal
12:29
Castillos
16:02
Imperial
36:21
| APM promedio | 40.6 |
| APM pico | 79 |
| eAPM promedio | 24.1 |
| Aldeanos / militares | 206 / 726 |
Foco
⚔️ 48.7% · 🌾 51.3%
Woad Raider ×494 · Spearman ×205 · Trade Cart ×32 · Trebuchet (Packed) ×17 · Mangonel ×9 · Monk ×1
Feudal
13:56
Castillos
17:56
Imperial
34:05
| APM promedio | 40.7 |
| APM pico | 78 |
| eAPM promedio | 23.0 |
| Aldeanos / militares | 171 / 388 |
Foco
⚔️ 44.1% · 🌾 55.9%
Unknown (1949) ×323 · Skirmisher ×213 · Scout Cavalry ×170 · Unknown (1952) ×25 · Archer ×5 · Unknown (1942) ×5
Feudal
14:19
Castillos
18:14
Imperial
33:56
| APM promedio | 37.8 |
| APM pico | 78 |
| eAPM promedio | 26.0 |
| Aldeanos / militares | 241 / 914 |
Foco
⚔️ 47.5% · 🌾 52.5%
Cavalry Archer ×444 · Scout Cavalry ×311 · Steppe Lancer ×115 · Trade Cart ×65 · Keshik ×32 · Fishing Ship ×10
Feudal
14:49
Castillos
18:22
Imperial
46:48
| APM promedio | 28.8 |
| APM pico | 71 |
| eAPM promedio | 17.1 |
| Aldeanos / militares | 267 / 141 |
Foco
⚔️ 21.1% · 🌾 78.9%
Skirmisher ×83 · Cavalry Archer ×50 · Trade Cart ×10 · Samurai ×6 · Monk ×2
Feudal
11:58
Castillos
20:03
Imperial
43:43
| APM promedio | 30.0 |
| APM pico | 65 |
| eAPM promedio | 20.3 |
| Aldeanos / militares | 166 / 124 |
Foco
⚔️ 36.7% · 🌾 63.3%
Fire Lancer ×70 · Trade Cart ×62 · Skirmisher ×35 · War Wagon ×6 · Spearman ×5 · Bombard Cannon ×4
Mapa de la partida
Recursos iniciales + cada clic de construcción. Líneas = muros · curvas = relieve. ◆ oro · ⬟ piedra · ● bayas · ✦ reliquia · ◌ hueco del cierre
Tu base· Abierta — flanco sin cerrar
Base de PraYs· Abierta — hueco de 12t
Base de dse· Abierta — hueco de 4t
Base de m1gzu· Abierta — flanco sin cerrar
Base de RoR | AngelinaJolie· ✓ Cerrada en 17:56 · 88t muro · sin puerta
Base de ChatGPT· Abierta — hueco de 10t
Base de Gordito· Abierta — flanco sin cerrar
Base de 灵魂恰恰恰· Abierta — hueco de 1t
Terreno inicial suavizado · ◌ = hueco del cierre detectado · pasá el cursor para detalles
Inputs por minuto
— ^_^ - - PraYs
Build order — ^_^
Primeras 150 de 1615 acciones detectadas
| 1:18 | Construir | Town Center |
| 3:07 | Construir | House |
| 3:11 | Construir | House |
| 3:20 | Crear | Villager (Male) |
| 3:20 | Crear | Villager (Male) |
| 3:20 | Crear | Villager (Male) |
| 3:20 | Crear | Villager (Male) |
| 3:21 | Crear | Villager (Male) |
| 3:48 | Construir | House |
| 4:11 | Crear | Villager (Male) |
| 4:12 | Crear | Villager (Male) |
| 5:04 | Crear | Villager (Male) |
| 5:05 | Crear | Villager (Male) |
| 5:13 | Construir | House |
| 5:24 | Crear | Villager (Male) |
| 5:24 | Crear | Villager (Male) |
| 5:44 | Construir | Lumber Camp |
| 5:45 | Crear | Villager (Male) |
| 5:45 | Crear | Villager (Male) |
| 6:00 | Construir | House |
| 6:36 | Crear | Villager (Male) |
| 6:37 | Crear | Villager (Male) |
| 6:37 | Crear | Villager (Male) |
| 7:08 | Construir | House |
| 7:21 | Construir | House |
| 7:33 | Construir | House |
| 7:51 | Crear | Villager (Male) |
| 7:52 | Crear | Villager (Male) |
| 7:52 | Crear | Villager (Male) |
| 7:56 | Construir | House |
| 8:13 | Crear | Villager (Male) |
| 8:14 | Crear | Villager (Male) |
| 8:57 | Construir | Mill |
| 9:02 | Crear | Villager (Male) |
| 9:02 | Crear | Villager (Male) |
| 9:44 | Crear | Villager (Male) |
| 9:50 | Crear | Villager (Male) |
| 9:50 | Investigar | Loom |
| 10:36 | Construir | Mining Camp |
| 10:47 | Construir | Barracks |
| 10:57 | Construir | House |
| 10:59 | Construir | Palisade Gate |
| 11:03 | Construir | Palisade Wall |
| 11:05 | Construir | Palisade Wall |
| 11:11 | Construir | Palisade Wall |
| 11:28 | Investigar | Feudal Age |
| 12:21 | Crear | Villager (Male) |
| 12:21 | Crear | Villager (Male) |
| 13:50 | Edad | Edad Feudal |
| 13:53 | Construir | Blacksmith |
| 13:57 | Construir | Stable |
| 14:50 | Investigar | Castle Age |
| 14:51 | Investigar | Castle Age |
| 15:25 | Investigar | Double-Bit Axe |
| 15:45 | Crear | Scout Cavalry |
| 15:45 | Crear | Scout Cavalry |
| 16:19 | Investigar | Horse Collar |
| 16:19 | Investigar | Horse Collar |
| 16:25 | Construir | Farm |
| 16:29 | Construir | Farm |
| 17:25 | Crear | Villager (Male) |
| 17:30 | Edad | Edad de los Castillos |
| 17:37 | Construir | Town Center |
| 17:39 | Crear | Camel Scout |
| 17:50 | Crear | Villager (Male) |
| 18:03 | Construir | Outpost |
| 18:08 | Construir | Outpost |
| 18:09 | Crear | Villager (Male) |
| 18:13 | Crear | Camel Scout |
| 18:18 | Crear | Camel Scout |
| 18:23 | Crear | Villager (Male) |
| 18:26 | Construir | Farm |
| 18:29 | Construir | Farm |
| 18:39 | Construir | Farm |
| 18:44 | Construir | House |
| 18:49 | Construir | House |
| 18:58 | Crear | Camel Scout |
| 19:06 | Crear | Villager (Male) |
| 19:13 | Construir | Farm |
| 19:13 | Construir | Farm |
| 19:28 | Crear | Villager (Male) |
| 19:34 | Crear | Villager (Male) |
| 19:45 | Crear | Camel Scout |
| 19:53 | Construir | Monastery |
| 20:04 | Crear | Villager (Male) |
| 20:05 | Crear | Villager (Male) |
| 20:06 | Construir | Farm |
| 20:08 | Construir | Farm |
| 20:08 | Construir | Farm |
| 20:18 | Crear | Villager (Male) |
| 20:21 | Construir | Farm |
| 20:42 | Crear | Villager (Male) |
| 20:43 | Crear | Villager (Male) |
| 20:47 | Construir | Farm |
| 20:48 | Crear | Monk |
| 20:49 | Construir | Farm |
| 20:55 | Crear | Villager (Male) |
| 20:55 | Crear | Villager (Male) |
| 20:56 | Crear | Villager (Male) |
| 21:04 | Crear | Camel Scout |
| 21:04 | Crear | Camel Scout |
| 21:05 | Crear | Camel Scout |
| 21:07 | Crear | Villager (Male) |
| 21:18 | Construir | Farm |
| 21:20 | Crear | Villager (Male) |
| 21:20 | Crear | Villager (Male) |
| 21:26 | Crear | Villager (Male) |
| 21:27 | Crear | Villager (Male) |
| 21:32 | Crear | Villager (Male) |
| 21:32 | Crear | Villager (Male) |
| 22:14 | Crear | Villager (Male) |
| 22:14 | Crear | Villager (Male) |
| 22:14 | Crear | Villager (Male) |
| 22:14 | Crear | Villager (Male) |
| 22:17 | Construir | Town Center |
| 22:22 | Crear | Villager (Male) |
| 22:22 | Crear | Villager (Male) |
| 22:27 | Crear | Villager (Male) |
| 22:33 | Construir | Outpost |
| 22:39 | Construir | House |
| 22:39 | Construir | House |
| 22:43 | Construir | Mill |
| 22:43 | Construir | Farm |
| 22:44 | Construir | Farm |
| 22:44 | Construir | Farm |
| 22:50 | Investigar | Wheelbarrow |
| 22:50 | Investigar | Wheelbarrow |
| 23:01 | Crear | Villager (Male) |
| 23:07 | Crear | Camel Scout |
| 23:07 | Crear | Camel Scout |
| 23:22 | Crear | Villager (Male) |
| 23:26 | Crear | Villager (Male) |
| 23:26 | Crear | Villager (Male) |
| 23:29 | Crear | Villager (Male) |
| 23:30 | Crear | Villager (Male) |
| 23:34 | Construir | Farm |
| 23:35 | Construir | Farm |
| 23:35 | Construir | Farm |
| 23:47 | Crear | Villager (Male) |
| 24:01 | Construir | Outpost |
| 24:04 | Construir | Outpost |
| 24:06 | Construir | Outpost |
| 24:08 | Crear | Villager (Male) |
| 24:08 | Crear | Villager (Male) |
| 24:17 | Crear | Villager (Male) |
| 24:17 | Crear | Villager (Male) |
| 24:20 | Construir | Farm |
| 24:23 | Construir | House |
| 24:24 | Construir | House |
| 24:25 | Crear | Villager (Male) |
Build order — PraYs
Primeras 150 de 900 acciones detectadas
| 0:19 | Construir | Town Center |
| 0:28 | Construir | House |
| 2:50 | Crear | Villager (Male) |
| 2:51 | Crear | Villager (Male) |
| 2:51 | Crear | Villager (Male) |
| 2:51 | Crear | Villager (Male) |
| 3:57 | Crear | Villager (Male) |
| 3:57 | Crear | Villager (Male) |
| 3:57 | Crear | Villager (Male) |
| 3:57 | Crear | Villager (Male) |
| 3:57 | Crear | Villager (Male) |
| 4:13 | Construir | House |
| 4:28 | Construir | House |
| 4:30 | Crear | Villager (Male) |
| 4:31 | Crear | Villager (Male) |
| 4:31 | Crear | Villager (Male) |
| 4:49 | Construir | Lumber Camp |
| 5:20 | Crear | Villager (Male) |
| 5:20 | Crear | Villager (Male) |
| 5:20 | Crear | Villager (Male) |
| 5:20 | Crear | Villager (Male) |
| 5:20 | Crear | Villager (Male) |
| 6:01 | Crear | Villager (Male) |
| 6:01 | Crear | Villager (Male) |
| 6:01 | Crear | Villager (Male) |
| 6:54 | Crear | Villager (Male) |
| 6:54 | Crear | Villager (Male) |
| 6:54 | Crear | Villager (Male) |
| 6:54 | Crear | Villager (Male) |
| 6:54 | Crear | Villager (Male) |
| 7:00 | Construir | House |
| 7:06 | Construir | House |
| 7:45 | Crear | Villager (Male) |
| 7:45 | Crear | Villager (Male) |
| 7:45 | Crear | Villager (Male) |
| 7:50 | Construir | Mill |
| 8:02 | Crear | Villager (Male) |
| 8:02 | Crear | Villager (Male) |
| 8:02 | Crear | Villager (Male) |
| 8:02 | Crear | Villager (Male) |
| 8:02 | Crear | Villager (Male) |
| 8:02 | Crear | Villager (Male) |
| 8:12 | Construir | House |
| 8:24 | Crear | Villager (Male) |
| 8:25 | Crear | Villager (Male) |
| 8:25 | Crear | Villager (Male) |
| 8:25 | Crear | Villager (Male) |
| 9:32 | Crear | Villager (Male) |
| 9:32 | Crear | Villager (Male) |
| 9:32 | Crear | Villager (Male) |
| 10:01 | Crear | Villager (Male) |
| 10:01 | Crear | Villager (Male) |
| 10:10 | Crear | Villager (Male) |
| 10:11 | Crear | Villager (Male) |
| 10:11 | Crear | Villager (Male) |
| 10:15 | Crear | Villager (Male) |
| 10:15 | Crear | Villager (Male) |
| 10:50 | Construir | Palisade Wall |
| 10:51 | Construir | Palisade Wall |
| 10:55 | Construir | Palisade Wall |
| 11:01 | Construir | Palisade Wall |
| 11:06 | Construir | Palisade Wall |
| 11:10 | Construir | Mining Camp |
| 11:17 | Construir | Palisade Wall |
| 11:29 | Crear | Villager (Male) |
| 11:55 | Construir | Palisade Wall |
| 11:59 | Investigar | Feudal Age |
| 12:27 | Crear | Villager (Male) |
| 12:27 | Crear | Villager (Male) |
| 13:08 | Crear | Villager (Male) |
| 14:11 | Edad | Edad Feudal |
| 14:12 | Construir | Blacksmith |
| 14:16 | Construir | Market |
| 14:25 | Investigar | Double-Bit Axe |
| 15:07 | Investigar | Castle Age |
| 15:10 | Investigar | Horse Collar |
| 15:40 | Construir | Palisade Wall |
| 16:23 | Crear | Villager (Male) |
| 16:23 | Crear | Villager (Male) |
| 17:47 | Edad | Edad de los Castillos |
| 17:48 | Construir | Palisade Wall |
| 17:50 | Construir | Town Center |
| 17:55 | Construir | Town Center |
| 17:58 | Investigar | Bow Saw |
| 17:59 | Investigar | Heavy Plow |
| 18:18 | Construir | Monastery |
| 18:32 | Crear | Villager (Male) |
| 18:52 | Crear | Villager (Male) |
| 19:11 | Investigar | Wheelbarrow |
| 19:13 | Crear | Villager (Male) |
| 19:13 | Crear | Villager (Male) |
| 19:13 | Crear | Villager (Male) |
| 19:13 | Crear | Villager (Male) |
| 19:13 | Crear | Villager (Male) |
| 19:13 | Crear | Villager (Male) |
| 19:22 | Construir | Farm |
| 19:24 | Construir | Farm |
| 19:27 | Construir | Farm |
| 19:31 | Construir | Farm |
| 19:34 | Crear | Villager (Male) |
| 19:34 | Crear | Villager (Male) |
| 19:34 | Crear | Villager (Male) |
| 19:34 | Crear | Villager (Male) |
| 19:34 | Crear | Villager (Male) |
| 19:39 | Construir | Farm |
| 19:43 | Construir | Farm |
| 19:44 | Construir | Farm |
| 19:45 | Crear | Villager (Male) |
| 19:45 | Crear | Villager (Male) |
| 19:45 | Crear | Villager (Male) |
| 19:45 | Crear | Villager (Male) |
| 19:50 | Construir | Farm |
| 19:58 | Crear | Monk |
| 19:59 | Crear | Villager (Male) |
| 19:59 | Crear | Villager (Male) |
| 20:08 | Construir | House |
| 20:09 | Construir | House |
| 20:10 | Crear | Villager (Male) |
| 20:11 | Crear | Villager (Male) |
| 20:11 | Crear | Villager (Male) |
| 20:16 | Crear | Villager (Male) |
| 20:16 | Crear | Villager (Male) |
| 20:16 | Crear | Villager (Male) |
| 20:17 | Crear | Villager (Male) |
| 20:29 | Crear | Villager (Male) |
| 20:30 | Crear | Villager (Male) |
| 20:34 | Construir | House |
| 20:34 | Construir | House |
| 20:40 | Crear | Villager (Male) |
| 20:45 | Construir | Lumber Camp |
| 21:00 | Crear | Villager (Male) |
| 21:00 | Crear | Villager (Male) |
| 21:00 | Crear | Villager (Male) |
| 21:00 | Crear | Villager (Male) |
| 21:10 | Crear | Villager (Male) |
| 21:10 | Crear | Villager (Male) |
| 21:10 | Crear | Villager (Male) |
| 21:10 | Crear | Villager (Male) |
| 21:18 | Crear | Villager (Male) |
| 21:18 | Crear | Villager (Male) |
| 21:18 | Crear | Villager (Male) |
| 21:18 | Crear | Villager (Male) |
| 21:24 | Crear | Villager (Male) |
| 21:25 | Crear | Villager (Male) |
| 21:25 | Crear | Villager (Male) |
| 21:29 | Construir | Farm |
| 21:31 | Construir | Farm |
| 21:32 | Construir | Farm |
| 21:34 | Crear | Villager (Male) |
| 21:34 | Crear | Villager (Male) |
Build order — dse
Primeras 150 de 693 acciones detectadas
| 0:06 | Construir | Town Center |
| 0:19 | Construir | House |
| 2:16 | Crear | Villager (Male) |
| 2:16 | Crear | Villager (Male) |
| 2:16 | Crear | Villager (Male) |
| 2:16 | Crear | Villager (Male) |
| 2:16 | Crear | Villager (Male) |
| 3:04 | Construir | House |
| 3:20 | Construir | House |
| 3:41 | Crear | Villager (Male) |
| 3:44 | Construir | House |
| 4:00 | Crear | Villager (Male) |
| 4:00 | Crear | Villager (Male) |
| 4:32 | Construir | Lumber Camp |
| 4:43 | Crear | Villager (Male) |
| 4:43 | Crear | Villager (Male) |
| 4:43 | Crear | Villager (Male) |
| 5:07 | Crear | Villager (Male) |
| 5:07 | Crear | Villager (Male) |
| 5:31 | Construir | House |
| 5:34 | Crear | Villager (Male) |
| 5:34 | Crear | Villager (Male) |
| 6:03 | Crear | Villager (Male) |
| 6:19 | Crear | Villager (Male) |
| 6:38 | Crear | Villager (Male) |
| 6:54 | Crear | Villager (Male) |
| 7:17 | Crear | Villager (Male) |
| 7:19 | Crear | Villager (Male) |
| 7:19 | Crear | Villager (Male) |
| 7:26 | Construir | House |
| 8:08 | Crear | Villager (Male) |
| 8:16 | Construir | Dock |
| 8:33 | Crear | Villager (Male) |
| 8:42 | Construir | Palisade Wall |
| 8:43 | Construir | Palisade Wall |
| 8:50 | Crear | Fishing Ship |
| 8:50 | Crear | Fishing Ship |
| 8:52 | Crear | Villager (Male) |
| 9:00 | Crear | Villager (Male) |
| 9:06 | Construir | Palisade Wall |
| 9:23 | Crear | Fishing Ship |
| 9:28 | Crear | Villager (Male) |
| 9:34 | Construir | Palisade Wall |
| 9:54 | Construir | House |
| 10:16 | Construir | House |
| 10:18 | Construir | Palisade Wall |
| 10:28 | Construir | Palisade Wall |
| 10:44 | Construir | Mining Camp |
| 10:57 | Investigar | Double-Bit Axe |
| 11:05 | Crear | Villager (Male) |
| 11:30 | Construir | Mining Camp |
| 11:50 | Crear | Villager (Male) |
| 11:51 | Investigar | Feudal Age |
| 12:07 | Crear | Fishing Ship |
| 12:22 | Construir | House |
| 12:27 | Construir | Palisade Wall |
| 12:47 | Crear | Villager (Male) |
| 13:25 | Crear | Fishing Ship |
| 13:44 | Investigar | Loom |
| 14:03 | Construir | Palisade Wall |
| 14:19 | Crear | Fishing Ship |
| 14:26 | Edad | Edad Feudal |
| 14:33 | Construir | Mill |
| 14:37 | Construir | Blacksmith |
| 14:53 | Construir | Fish Trap |
| 15:00 | Crear | Villager (Male) |
| 15:26 | Construir | Market |
| 15:32 | Crear | Villager (Male) |
| 15:38 | Crear | Fishing Ship |
| 16:19 | Investigar | Wheelbarrow |
| 16:23 | Investigar | Castle Age |
| 16:23 | Investigar | Castle Age |
| 16:26 | Construir | Fish Trap |
| 16:30 | Construir | Fish Trap |
| 16:34 | Construir | Fish Trap |
| 16:41 | Crear | Villager (Male) |
| 16:54 | Construir | House |
| 16:55 | Construir | House |
| 17:10 | Investigar | Bow Saw |
| 17:31 | Construir | Fish Trap |
| 17:38 | Crear | Villager (Male) |
| 17:57 | Crear | Fishing Ship |
| 18:12 | Construir | House |
| 18:14 | Construir | House |
| 18:30 | Investigar | Tech 906 |
| 19:03 | Edad | Edad de los Castillos |
| 19:06 | Construir | Castle |
| 19:28 | Crear | Fishing Ship |
| 19:53 | Crear | Villager (Male) |
| 19:58 | Construir | Town Center |
| 20:05 | Construir | House |
| 20:13 | Crear | Coustillier |
| 20:13 | Crear | Coustillier |
| 20:18 | Crear | Villager (Male) |
| 20:18 | Crear | Villager (Male) |
| 20:32 | Crear | Villager (Male) |
| 20:38 | Crear | Coustillier |
| 20:39 | Investigar | Scale Barding Armor |
| 20:52 | Construir | Lumber Camp |
| 20:58 | Construir | House |
| 21:00 | Construir | House |
| 21:02 | Crear | Villager (Male) |
| 21:03 | Crear | Coustillier |
| 21:04 | Crear | Coustillier |
| 21:19 | Crear | Villager (Male) |
| 21:19 | Crear | Villager (Male) |
| 21:20 | Construir | Monastery |
| 21:29 | Construir | House |
| 21:29 | Construir | House |
| 21:33 | Crear | Coustillier |
| 21:35 | Crear | Villager (Male) |
| 21:46 | Crear | Villager (Male) |
| 22:04 | Crear | Monk |
| 22:12 | Crear | Coustillier |
| 22:13 | Crear | Villager (Male) |
| 22:28 | Crear | Villager (Male) |
| 22:30 | Construir | Barracks |
| 22:51 | Crear | Villager (Male) |
| 22:52 | Crear | Villager (Male) |
| 22:52 | Crear | Villager (Male) |
| 22:53 | Crear | Fishing Ship |
| 22:58 | Construir | Dock |
| 23:02 | Construir | Farm |
| 23:04 | Construir | Farm |
| 23:04 | Construir | Farm |
| 23:05 | Construir | Farm |
| 23:17 | Crear | Villager (Male) |
| 23:17 | Crear | Villager (Male) |
| 23:18 | Crear | Villager (Male) |
| 23:22 | Construir | Town Center |
| 23:28 | Crear | Villager (Male) |
| 23:33 | Construir | Fish Trap |
| 23:44 | Construir | Farm |
| 23:45 | Construir | Farm |
| 23:46 | Construir | Farm |
| 23:49 | Crear | Villager (Male) |
| 23:50 | Crear | Villager (Male) |
| 24:06 | Construir | Fish Trap |
| 24:08 | Crear | Villager (Male) |
| 24:09 | Crear | Villager (Male) |
| 24:13 | Construir | Farm |
| 24:14 | Construir | Farm |
| 24:30 | Construir | Fish Trap |
| 24:30 | Crear | Fishing Ship |
| 24:36 | Crear | Villager (Male) |
| 24:40 | Crear | Villager (Male) |
| 24:42 | Crear | Villager (Male) |
| 24:43 | Investigar | Horse Collar |
| 24:44 | Investigar | Horse Collar |
| 24:47 | Construir | Farm |
Build order — m1gzu
Primeras 150 de 701 acciones detectadas
| 0:33 | Construir | Town Center |
| 1:47 | Construir | House |
| 2:48 | Crear | Villager (Male) ×4 |
| 2:49 | Crear | Villager (Male) ×4 |
| 2:51 | Construir | Palisade Wall |
| 2:56 | Construir | House |
| 3:09 | Construir | Palisade Wall |
| 3:13 | Construir | House |
| 3:22 | Construir | Palisade Wall |
| 3:25 | Construir | Palisade Wall |
| 3:39 | Construir | House |
| 3:44 | Crear | Villager (Male) |
| 3:45 | Crear | Villager (Male) |
| 3:51 | Construir | Palisade Wall |
| 4:21 | Crear | Villager (Male) |
| 4:22 | Crear | Villager (Male) |
| 4:47 | Crear | Villager (Male) |
| 4:56 | Construir | House |
| 5:01 | Construir | Lumber Camp |
| 5:09 | Crear | Villager (Male) |
| 5:11 | Crear | Villager (Male) |
| 5:31 | Crear | Villager (Male) |
| 6:18 | Construir | House |
| 6:52 | Crear | Villager (Male) |
| 6:53 | Crear | Villager (Male) |
| 7:00 | Crear | Villager (Male) |
| 7:09 | Crear | Villager (Male) |
| 7:18 | Crear | Villager (Male) |
| 7:18 | Crear | Villager (Male) |
| 7:26 | Construir | Palisade Wall |
| 8:06 | Construir | Mill |
| 8:26 | Crear | Villager (Male) |
| 8:49 | Construir | House |
| 8:58 | Crear | Villager (Male) |
| 9:02 | Crear | Villager (Male) |
| 9:08 | Crear | Villager (Male) |
| 9:14 | Construir | Mining Camp |
| 9:39 | Construir | Palisade Wall |
| 9:59 | Investigar | Loom |
| 10:02 | Investigar | Feudal Age |
| 10:03 | Investigar | Feudal Age |
| 10:11 | Investigar | Loom |
| 10:11 | Crear | Villager (Male) |
| 10:29 | Construir | House |
| 11:27 | Construir | Palisade Wall |
| 11:32 | Construir | Palisade Wall |
| 11:45 | Construir | Palisade Wall |
| 11:49 | Construir | Palisade Wall |
| 11:55 | Crear | Villager (Male) |
| 12:29 | Edad | Edad Feudal |
| 12:31 | Construir | Market |
| 12:32 | Construir | Blacksmith |
| 13:22 | Investigar | Castle Age |
| 13:22 | Investigar | Castle Age |
| 13:24 | Construir | Mining Camp |
| 13:36 | Investigar | Double-Bit Axe |
| 14:05 | Investigar | Horse Collar |
| 14:26 | Investigar | Scale Mail Armor |
| 14:50 | Crear | Villager (Male) |
| 14:51 | Crear | Villager (Male) |
| 16:02 | Edad | Edad de los Castillos |
| 16:23 | Crear | Villager (Male) |
| 16:25 | Investigar | Bow Saw |
| 16:37 | Construir | Castle |
| 16:58 | Crear | Villager (Male) |
| 17:03 | Crear | Villager (Male) |
| 17:35 | Crear | Villager (Male) |
| 17:42 | Crear | Woad Raider |
| 17:43 | Crear | Woad Raider |
| 17:58 | Crear | Woad Raider |
| 17:58 | Crear | Woad Raider |
| 18:00 | Crear | Villager (Male) |
| 18:28 | Crear | Woad Raider |
| 18:28 | Crear | Woad Raider |
| 18:39 | Crear | Villager (Male) |
| 19:02 | Crear | Woad Raider |
| 19:02 | Crear | Villager (Male) |
| 19:14 | Crear | Woad Raider |
| 19:32 | Crear | Woad Raider |
| 19:34 | Crear | Villager (Male) |
| 20:12 | Crear | Woad Raider |
| 20:21 | Crear | Villager (Male) |
| 20:22 | Crear | Villager (Male) |
| 20:33 | Construir | Town Center |
| 20:37 | Crear | Woad Raider |
| 20:42 | Crear | Woad Raider |
| 20:55 | Construir | Lumber Camp |
| 21:16 | Crear | Villager (Male) |
| 21:20 | Construir | Farm |
| 21:22 | Construir | Farm |
| 21:25 | Construir | Farm |
| 21:28 | Construir | Farm |
| 21:29 | Construir | Farm |
| 21:29 | Construir | Farm |
| 21:39 | Crear | Villager (Male) |
| 21:47 | Crear | Woad Raider |
| 21:48 | Crear | Woad Raider |
| 21:59 | Crear | Woad Raider |
| 22:00 | Crear | Woad Raider |
| 22:10 | Crear | Villager (Male) |
| 22:13 | Construir | Farm |
| 22:31 | Crear | Woad Raider |
| 22:31 | Crear | Woad Raider |
| 22:53 | Construir | Palisade Wall |
| 22:59 | Crear | Villager (Male) |
| 23:00 | Crear | Villager (Male) |
| 23:07 | Crear | Villager (Male) |
| 23:11 | Crear | Villager (Male) |
| 23:22 | Construir | Town Center |
| 23:26 | Crear | Villager (Male) ×2 |
| 23:34 | Crear | Villager (Male) |
| 23:47 | Crear | Woad Raider |
| 23:48 | Crear | Woad Raider |
| 23:49 | Crear | Villager (Male) |
| 23:59 | Investigar | Wheelbarrow |
| 23:59 | Investigar | Wheelbarrow |
| 24:01 | Construir | Mill |
| 24:19 | Crear | Villager (Male) |
| 24:26 | Construir | Farm |
| 24:27 | Construir | Farm |
| 24:28 | Construir | Farm |
| 24:31 | Construir | Farm |
| 24:32 | Crear | Villager (Male) |
| 24:33 | Crear | Villager (Male) |
| 24:33 | Crear | Villager (Male) |
| 24:54 | Crear | Woad Raider |
| 25:04 | Construir | House |
| 25:04 | Construir | House |
| 25:05 | Construir | House |
| 25:21 | Construir | Town Center |
| 25:26 | Crear | Villager (Male) |
| 25:28 | Crear | Villager (Male) |
| 25:59 | Crear | Villager (Male) |
| 25:59 | Crear | Villager (Male) |
| 26:00 | Crear | Villager (Male) |
| 26:07 | Crear | Woad Raider |
| 26:07 | Crear | Woad Raider |
| 26:17 | Crear | Woad Raider |
| 26:17 | Crear | Woad Raider |
| 26:35 | Crear | Villager (Male) |
| 26:35 | Crear | Villager (Male) |
| 26:39 | Construir | Farm |
| 26:39 | Construir | Farm |
| 26:42 | Crear | Villager (Male) |
| 26:42 | Crear | Villager (Male) |
| 26:49 | Construir | Farm |
| 26:50 | Construir | Farm |
| 26:51 | Construir | Farm |
| 26:54 | Crear | Villager (Male) |
| 26:55 | Crear | Villager (Male) |
Build order — RoR | AngelinaJolie
Primeras 150 de 684 acciones detectadas
| 0:18 | Construir | Town Center |
| 0:43 | Construir | House |
| 2:30 | Crear | Villager (Male) |
| 2:31 | Crear | Villager (Male) |
| 2:31 | Crear | Villager (Male) |
| 2:31 | Crear | Villager (Male) |
| 3:22 | Construir | House |
| 3:24 | Construir | Palisade Wall |
| 3:25 | Construir | Palisade Wall |
| 4:01 | Crear | Villager (Male) |
| 4:02 | Crear | Villager (Male) |
| 4:17 | Crear | Villager (Male) |
| 4:17 | Crear | Villager (Male) |
| 4:52 | Crear | Villager (Male) |
| 4:52 | Crear | Villager (Male) |
| 5:15 | Crear | Villager (Male) |
| 5:16 | Crear | Villager (Male) |
| 5:24 | Construir | Lumber Camp |
| 5:38 | Crear | Villager (Male) |
| 5:38 | Crear | Villager (Male) |
| 5:52 | Crear | Villager (Male) |
| 5:53 | Crear | Villager (Male) |
| 6:20 | Construir | House |
| 6:37 | Crear | Villager (Male) |
| 6:38 | Crear | Villager (Male) |
| 6:45 | Crear | Villager (Male) |
| 6:45 | Crear | Villager (Male) |
| 6:54 | Construir | House |
| 7:01 | Construir | House |
| 7:07 | Construir | Palisade Wall |
| 7:49 | Crear | Villager (Male) |
| 8:09 | Construir | Mill |
| 8:26 | Crear | Villager (Male) |
| 8:27 | Crear | Villager (Male) |
| 8:44 | Construir | Palisade Wall |
| 8:52 | Crear | Villager (Male) |
| 9:00 | Construir | Palisade Wall |
| 9:04 | Construir | Palisade Wall |
| 9:14 | Crear | Villager (Male) |
| 9:30 | Construir | House |
| 9:33 | Construir | Palisade Wall |
| 9:36 | Construir | Palisade Wall |
| 9:45 | Construir | Palisade Wall |
| 9:47 | Construir | Palisade Wall |
| 9:51 | Crear | Villager (Male) |
| 10:21 | Crear | Villager (Male) |
| 10:21 | Crear | Villager (Male) |
| 11:02 | Construir | Palisade Wall |
| 11:06 | Construir | Palisade Wall |
| 11:13 | Construir | Palisade Wall |
| 11:18 | Crear | Villager (Male) |
| 11:42 | Construir | Mining Camp |
| 11:46 | Investigar | Feudal Age |
| 11:46 | Investigar | Feudal Age |
| 12:17 | Construir | Palisade Wall |
| 12:34 | Construir | Mining Camp |
| 13:54 | Investigar | Loom |
| 13:55 | Investigar | Loom |
| 13:56 | Crear | Villager (Male) |
| 13:56 | Edad | Edad Feudal |
| 14:19 | Construir | Market |
| 14:25 | Crear | Villager (Male) |
| 14:34 | Construir | Blacksmith |
| 14:57 | Construir | House |
| 15:15 | Investigar | Double-Bit Axe |
| 15:15 | Investigar | Double-Bit Axe |
| 15:16 | Investigar | Castle Age |
| 15:16 | Investigar | Castle Age |
| 15:57 | Construir | House |
| 15:59 | Construir | Palisade Wall |
| 16:34 | Investigar | Horse Collar |
| 16:34 | Investigar | Horse Collar |
| 16:38 | Construir | Farm |
| 16:45 | Construir | Farm |
| 16:58 | Construir | Farm |
| 17:03 | Construir | Farm |
| 17:06 | Construir | Farm |
| 17:11 | Construir | Farm |
| 17:13 | Construir | Farm |
| 17:51 | Crear | Villager (Male) |
| 17:56 | Edad | Edad de los Castillos |
| 17:58 | Construir | Farm |
| 18:11 | Construir | Castle |
| 18:17 | Investigar | Bow Saw |
| 18:17 | Investigar | Bow Saw |
| 18:18 | Crear | Villager (Male) |
| 18:31 | Construir | Farm |
| 18:32 | Construir | Farm |
| 18:40 | Crear | Villager (Male) |
| 18:50 | Construir | Farm |
| 18:59 | Construir | Farm |
| 19:07 | Crear | Villager (Male) |
| 19:27 | Crear | Villager (Male) |
| 19:48 | Crear | Unit 1949 |
| 19:48 | Crear | Unit 1949 |
| 19:51 | Crear | Villager (Male) |
| 19:58 | Construir | Farm |
| 20:03 | Construir | Farm |
| 20:10 | Crear | Unit 1949 |
| 20:45 | Crear | Villager (Male) |
| 20:46 | Crear | Unit 1949 |
| 20:46 | Crear | Unit 1949 |
| 21:23 | Crear | Villager (Male) |
| 21:25 | Crear | Villager (Male) |
| 21:28 | Construir | Town Center |
| 21:34 | Crear | Unit 1949 |
| 21:56 | Crear | Villager (Male) |
| 22:21 | Crear | Villager (Male) |
| 22:43 | Crear | Villager (Male) |
| 22:43 | Crear | Villager (Male) |
| 22:46 | Crear | Villager (Male) |
| 22:56 | Construir | Town Center |
| 23:06 | Crear | Villager (Male) |
| 23:06 | Crear | Villager (Male) |
| 23:06 | Crear | Villager (Male) |
| 23:10 | Construir | Farm |
| 23:11 | Construir | Farm |
| 23:11 | Construir | Farm |
| 23:29 | Crear | Villager (Male) |
| 23:34 | Crear | Villager (Male) |
| 23:35 | Construir | Farm |
| 23:41 | Construir | Farm |
| 23:43 | Construir | Farm |
| 23:46 | Investigar | Gold Mining |
| 23:47 | Investigar | Heavy Plow |
| 23:48 | Investigar | Heavy Plow |
| 23:48 | Crear | Villager (Male) |
| 23:49 | Crear | Villager (Male) |
| 23:53 | Construir | Farm |
| 23:55 | Construir | Farm |
| 23:56 | Construir | Farm |
| 23:57 | Crear | Villager (Male) |
| 23:58 | Crear | Villager (Male) |
| 24:14 | Crear | Unit 1949 |
| 24:14 | Crear | Unit 1949 |
| 24:18 | Construir | House |
| 24:19 | Construir | House |
| 24:20 | Construir | House |
| 24:21 | Construir | House |
| 24:21 | Construir | Stone Wall |
| 24:24 | Crear | Villager (Male) |
| 24:26 | Construir | Mining Camp |
| 24:33 | Crear | Unit 1949 |
| 24:33 | Crear | Unit 1949 |
| 24:37 | Construir | Farm |
| 24:40 | Construir | Farm |
| 24:49 | Crear | Villager (Male) |
| 24:55 | Crear | Villager (Male) |
| 24:55 | Crear | Villager (Male) |
| 25:13 | Investigar | Wheelbarrow |
Build order — ChatGPT
Primeras 150 de 1005 acciones detectadas
| 0:32 | Construir | Town Center |
| 2:35 | Construir | House |
| 2:58 | Crear | Villager (Male) |
| 2:59 | Crear | Villager (Male) |
| 2:59 | Crear | Villager (Male) |
| 2:59 | Crear | Villager (Male) |
| 3:00 | Crear | Villager (Male) |
| 3:51 | Crear | Villager (Male) |
| 3:51 | Crear | Villager (Male) |
| 4:17 | Construir | Lumber Camp |
| 4:44 | Construir | House |
| 4:46 | Crear | Villager (Male) |
| 5:00 | Crear | Villager (Male) |
| 5:01 | Crear | Villager (Male) |
| 5:13 | Construir | House |
| 5:16 | Crear | Villager (Male) |
| 5:16 | Crear | Villager (Male) |
| 6:10 | Crear | Villager (Male) |
| 6:10 | Crear | Villager (Male) |
| 6:10 | Crear | Villager (Male) |
| 6:48 | Crear | Villager (Male) |
| 6:48 | Crear | Villager (Male) |
| 6:54 | Crear | Villager (Male) |
| 6:54 | Crear | Villager (Male) |
| 7:15 | Crear | Villager (Male) |
| 7:15 | Crear | Villager (Male) |
| 7:19 | Construir | Dock |
| 7:57 | Construir | House |
| 7:59 | Crear | Fishing Ship |
| 8:00 | Crear | Fishing Ship |
| 8:15 | Crear | Villager (Male) |
| 8:15 | Crear | Villager (Male) |
| 8:27 | Construir | House |
| 8:34 | Crear | Villager (Male) |
| 8:35 | Crear | Fishing Ship |
| 9:06 | Crear | Villager (Male) |
| 9:07 | Crear | Villager (Male) |
| 9:11 | Construir | Mill |
| 9:13 | Crear | Villager (Male) |
| 9:28 | Construir | House |
| 9:36 | Crear | Fishing Ship |
| 9:49 | Construir | House |
| 9:59 | Crear | Villager (Male) |
| 10:11 | Construir | House |
| 10:29 | Crear | Fishing Ship |
| 10:29 | Crear | Fishing Ship |
| 10:31 | Crear | Villager (Male) |
| 10:35 | Crear | Villager (Male) |
| 10:58 | Crear | Villager (Male) |
| 11:03 | Crear | Fishing Ship |
| 11:12 | Construir | House |
| 11:28 | Construir | Mining Camp |
| 11:30 | Crear | Villager (Male) |
| 11:33 | Construir | House |
| 11:42 | Crear | Villager (Male) |
| 11:47 | Construir | House |
| 12:09 | Investigar | Feudal Age |
| 12:09 | Investigar | Feudal Age |
| 12:13 | Construir | House |
| 12:16 | Construir | Palisade Wall |
| 12:29 | Construir | Palisade Wall |
| 12:31 | Investigar | Loom |
| 12:34 | Crear | Villager (Male) |
| 13:43 | Investigar | Loom |
| 14:10 | Construir | House |
| 14:19 | Edad | Edad Feudal |
| 14:20 | Construir | House |
| 14:27 | Construir | Market |
| 14:29 | Construir | Blacksmith |
| 14:43 | Investigar | Double-Bit Axe |
| 15:09 | Crear | Villager (Male) |
| 15:31 | Investigar | Castle Age |
| 15:31 | Investigar | Castle Age |
| 15:43 | Construir | House |
| 15:58 | Investigar | Tech 906 |
| 16:42 | Investigar | Horse Collar |
| 16:50 | Construir | Fish Trap |
| 16:54 | Construir | Fish Trap |
| 16:59 | Crear | Fishing Ship |
| 17:22 | Construir | Fish Trap |
| 17:30 | Investigar | Scale Barding Armor |
| 17:48 | Construir | Fish Trap |
| 17:52 | Crear | Villager (Male) |
| 18:14 | Edad | Edad de los Castillos |
| 18:24 | Construir | Castle |
| 18:26 | Investigar | Bow Saw |
| 18:29 | Crear | Fishing Ship |
| 18:32 | Construir | Fish Trap |
| 18:35 | Crear | Fishing Ship |
| 18:47 | Crear | Villager (Male) |
| 18:47 | Crear | Villager (Male) |
| 19:11 | Crear | Villager (Male) |
| 19:26 | Construir | Farm |
| 19:27 | Construir | Farm |
| 19:30 | Construir | Farm |
| 19:30 | Crear | Keshik |
| 19:31 | Crear | Keshik |
| 19:37 | Construir | Fish Trap |
| 19:55 | Crear | Keshik |
| 20:12 | Crear | Keshik |
| 20:13 | Crear | Villager (Male) |
| 20:15 | Crear | Villager (Male) |
| 20:15 | Crear | Villager (Male) |
| 20:32 | Construir | Town Center |
| 20:37 | Crear | Keshik |
| 20:37 | Crear | Keshik |
| 20:40 | Crear | Villager (Male) |
| 21:06 | Crear | Villager (Male) |
| 21:10 | Construir | Fish Trap |
| 21:11 | Construir | Fish Trap |
| 21:22 | Crear | Keshik |
| 21:28 | Crear | Keshik |
| 21:33 | Crear | Villager (Male) |
| 21:53 | Crear | Keshik |
| 22:10 | Crear | Keshik |
| 22:12 | Crear | Villager (Male) |
| 22:19 | Construir | Farm |
| 22:20 | Construir | Farm |
| 22:21 | Construir | Farm |
| 22:28 | Crear | Keshik |
| 22:49 | Crear | Villager (Male) |
| 23:00 | Crear | Keshik |
| 23:04 | Investigar | Forging |
| 23:06 | Crear | Villager (Male) |
| 23:06 | Crear | Villager (Male) |
| 23:15 | Crear | Villager (Male) |
| 23:15 | Crear | Villager (Male) |
| 23:21 | Construir | Town Center |
| 23:22 | Crear | Villager (Male) |
| 23:22 | Crear | Villager (Male) |
| 23:26 | Construir | Lumber Camp |
| 23:38 | Construir | Farm |
| 23:42 | Crear | Villager (Male) |
| 23:42 | Crear | Villager (Male) |
| 23:42 | Crear | Villager (Male) |
| 23:42 | Crear | Villager (Male) |
| 23:43 | Crear | Villager (Male) |
| 23:54 | Crear | Villager (Male) |
| 23:54 | Crear | Villager (Male) |
| 23:56 | Crear | Keshik |
| 23:57 | Crear | Keshik |
| 24:01 | Construir | Farm |
| 24:10 | Crear | Villager (Male) |
| 24:28 | Crear | Villager (Male) |
| 24:30 | Crear | Keshik |
| 24:39 | Construir | House |
| 24:40 | Construir | House |
| 24:57 | Investigar | Wheelbarrow |
| 25:03 | Crear | Villager (Male) |
| 25:21 | Crear | Villager (Male) |
Build order — Gordito
Primeras 150 de 615 acciones detectadas
| 0:17 | Construir | Town Center |
| 2:25 | Construir | House |
| 2:39 | Crear | Villager (Male) |
| 2:39 | Crear | Villager (Male) |
| 2:39 | Crear | Villager (Male) |
| 2:56 | Crear | Villager (Male) |
| 2:57 | Crear | Villager (Male) |
| 3:42 | Crear | Villager (Male) |
| 3:42 | Crear | Villager (Male) |
| 3:42 | Crear | Villager (Male) |
| 4:15 | Crear | Villager (Male) |
| 4:15 | Crear | Villager (Male) |
| 4:45 | Crear | Villager (Male) |
| 4:45 | Crear | Villager (Male) |
| 4:46 | Construir | House |
| 4:47 | Construir | House |
| 5:32 | Crear | Villager (Male) |
| 5:52 | Crear | Villager (Male) |
| 5:55 | Crear | Villager (Male) |
| 6:07 | Crear | Villager (Male) |
| 6:13 | Construir | Lumber Camp |
| 6:22 | Crear | Villager (Male) |
| 6:58 | Crear | Villager (Male) |
| 7:18 | Construir | Mill |
| 7:54 | Crear | Villager (Male) |
| 8:06 | Crear | Villager (Male) |
| 8:19 | Construir | House |
| 8:21 | Construir | House |
| 8:21 | Construir | House |
| 8:29 | Crear | Villager (Male) |
| 8:34 | Construir | Mining Camp |
| 9:02 | Crear | Villager (Male) |
| 9:17 | Crear | Villager (Male) |
| 9:21 | Crear | Villager (Male) |
| 9:29 | Construir | Palisade Wall |
| 10:04 | Crear | Villager (Male) |
| 10:18 | Crear | Villager (Male) |
| 10:31 | Construir | House |
| 10:43 | Construir | Palisade Wall |
| 10:44 | Construir | Palisade Wall |
| 10:51 | Construir | House |
| 11:03 | Crear | Villager (Male) |
| 11:15 | Construir | Palisade Wall |
| 11:37 | Crear | Villager (Male) |
| 11:51 | Investigar | Feudal Age |
| 11:53 | Investigar | Loom |
| 11:54 | Investigar | Feudal Age |
| 11:59 | Construir | Palisade Wall |
| 12:14 | Construir | Palisade Wall |
| 12:17 | Construir | Palisade Wall |
| 12:30 | Construir | Palisade Wall |
| 12:39 | Construir | Mill |
| 13:17 | Crear | Villager (Male) |
| 14:49 | Edad | Edad Feudal |
| 14:51 | Construir | Blacksmith |
| 14:52 | Construir | Market |
| 15:17 | Crear | Villager (Male) |
| 15:24 | Investigar | Double-Bit Axe |
| 15:25 | Investigar | Horse Collar |
| 15:41 | Investigar | Castle Age |
| 16:01 | Construir | Barracks |
| 16:56 | Investigar | Fletching |
| 16:59 | Construir | Archery Range |
| 17:00 | Construir | Archery Range |
| 17:09 | Crear | Villager (Male) |
| 17:10 | Crear | Villager (Male) |
| 17:14 | Investigar | Gold Mining |
| 17:47 | Construir | Stable |
| 18:04 | Crear | Villager (Male) |
| 18:22 | Edad | Edad de los Castillos |
| 18:23 | Crear | Cavalry Archer |
| 18:24 | Crear | Cavalry Archer |
| 18:26 | Investigar | Bodkin Arrow |
| 18:39 | Investigar | Husbandry |
| 19:04 | Construir | Town Center |
| 19:12 | Crear | Cavalry Archer |
| 19:12 | Crear | Cavalry Archer |
| 19:17 | Construir | House |
| 19:20 | Construir | House |
| 19:21 | Construir | House |
| 19:27 | Crear | Cavalry Archer |
| 19:27 | Crear | Cavalry Archer |
| 19:59 | Crear | Villager (Male) |
| 20:08 | Crear | Villager (Male) |
| 20:14 | Crear | Cavalry Archer |
| 20:14 | Crear | Cavalry Archer |
| 20:59 | Crear | Villager (Male) |
| 21:08 | Crear | Villager (Male) |
| 21:11 | Investigar | Bow Saw |
| 21:18 | Construir | Town Center |
| 21:20 | Crear | Villager (Male) |
| 21:27 | Crear | Villager (Male) |
| 21:53 | Crear | Villager (Male) |
| 21:53 | Crear | Villager (Male) |
| 22:00 | Crear | Cavalry Archer |
| 22:01 | Crear | Cavalry Archer |
| 22:02 | Crear | Villager (Male) |
| 22:18 | Construir | House |
| 22:32 | Construir | House |
| 22:39 | Construir | Monastery |
| 22:43 | Crear | Villager (Male) |
| 22:51 | Construir | House |
| 22:56 | Construir | Farm |
| 22:59 | Construir | Farm |
| 23:02 | Construir | Farm |
| 23:03 | Construir | Farm |
| 23:24 | Crear | Monk |
| 23:32 | Crear | Villager (Male) |
| 23:32 | Crear | Villager (Male) |
| 23:44 | Construir | University |
| 23:55 | Crear | Villager (Male) |
| 23:55 | Crear | Villager (Male) |
| 23:57 | Crear | Cavalry Archer ×5 |
| 24:12 | Crear | Villager (Male) |
| 24:13 | Crear | Villager (Male) |
| 24:13 | Crear | Villager (Male) |
| 24:17 | Construir | House |
| 24:17 | Construir | House |
| 24:21 | Construir | House |
| 24:26 | Construir | Farm |
| 24:34 | Construir | Farm |
| 24:35 | Construir | Farm |
| 24:36 | Construir | Farm |
| 24:43 | Construir | Farm |
| 24:44 | Crear | Villager (Male) |
| 24:44 | Crear | Villager (Male) |
| 25:07 | Construir | House |
| 25:28 | Investigar | Ballistics |
| 25:29 | Crear | Villager (Male) |
| 25:29 | Crear | Villager (Male) |
| 25:36 | Construir | Farm |
| 25:41 | Construir | Farm |
| 25:52 | Crear | Villager (Male) |
| 25:53 | Crear | Villager (Male) |
| 25:58 | Construir | Palisade Wall |
| 25:59 | Construir | Palisade Wall |
| 26:04 | Construir | Palisade Wall |
| 26:12 | Crear | Cavalry Archer ×2 |
| 26:35 | Crear | Villager (Male) |
| 26:36 | Crear | Villager (Male) |
| 26:39 | Construir | Farm |
| 26:48 | Construir | Town Center |
| 27:01 | Crear | Cavalry Archer ×2 |
| 27:03 | Crear | Villager (Male) |
| 27:03 | Crear | Villager (Male) |
| 27:03 | Crear | Villager (Male) |
| 27:10 | Construir | Lumber Camp |
| 27:17 | Construir | Mining Camp |
| 27:20 | Investigar | Stone Mining |
| 28:09 | Crear | Villager (Male) |
Build order — 灵魂恰恰恰
Primeras 150 de 575 acciones detectadas
| 0:09 | Construir | Town Center |
| 2:18 | Construir | House |
| 2:39 | Crear | Villager (Male) |
| 2:40 | Crear | Villager (Male) |
| 2:40 | Crear | Villager (Male) |
| 2:40 | Crear | Villager (Male) |
| 2:40 | Crear | Villager (Male) |
| 2:52 | Construir | House |
| 3:07 | Construir | House |
| 3:55 | Crear | Villager (Male) |
| 3:55 | Crear | Villager (Male) |
| 4:46 | Crear | Villager (Male) |
| 4:46 | Crear | Villager (Male) |
| 4:47 | Crear | Villager (Male) |
| 4:47 | Crear | Villager (Male) |
| 4:52 | Construir | House |
| 5:02 | Construir | House |
| 5:04 | Construir | House |
| 5:17 | Construir | Lumber Camp |
| 5:34 | Crear | Villager (Male) |
| 5:55 | Construir | Palisade Wall |
| 6:00 | Construir | Palisade Wall |
| 6:03 | Crear | Villager (Male) |
| 6:30 | Crear | Villager (Male) |
| 6:47 | Crear | Villager (Male) |
| 7:17 | Crear | Villager (Male) |
| 7:39 | Crear | Villager (Male) |
| 8:18 | Construir | Mill |
| 8:24 | Crear | Villager (Male) |
| 8:38 | Construir | Mill |
| 8:54 | Crear | Villager (Male) |
| 9:23 | Investigar | Loom |
| 9:39 | Investigar | Feudal Age |
| 11:10 | Construir | Barracks |
| 11:23 | Crear | Villager (Male) |
| 11:32 | Construir | Mining Camp |
| 11:58 | Edad | Edad Feudal |
| 12:10 | Construir | Archery Range |
| 12:18 | Construir | House |
| 12:20 | Crear | Villager (Male) |
| 12:36 | Construir | House |
| 12:44 | Crear | Villager (Male) |
| 12:44 | Crear | Villager (Male) |
| 12:51 | Crear | Archer |
| 12:57 | Crear | Spearman |
| 13:03 | Construir | House |
| 13:14 | Investigar | Double-Bit Axe |
| 13:14 | Investigar | Double-Bit Axe |
| 13:17 | Crear | Archer |
| 13:36 | Crear | Villager (Male) |
| 13:54 | Crear | Villager (Male) |
| 13:57 | Construir | House |
| 14:06 | Crear | Villager (Male) |
| 14:47 | Crear | Villager (Male) |
| 15:04 | Construir | Market |
| 15:19 | Crear | Villager (Male) |
| 15:43 | Crear | Villager (Male) |
| 16:08 | Construir | Blacksmith |
| 16:10 | Construir | House |
| 16:12 | Crear | Villager (Male) |
| 16:22 | Construir | Mining Camp |
| 16:36 | Crear | Villager (Male) |
| 17:02 | Construir | House |
| 17:06 | Construir | House |
| 17:23 | Investigar | Castle Age |
| 17:23 | Investigar | Castle Age |
| 17:38 | Construir | House |
| 17:51 | Construir | Palisade Gate |
| 18:16 | Construir | Palisade Wall |
| 18:18 | Construir | Palisade Wall |
| 18:21 | Crear | Villager (Male) |
| 18:27 | Crear | Villager (Male) |
| 18:31 | Construir | House |
| 18:33 | Construir | House |
| 18:41 | Construir | Palisade Wall |
| 18:46 | Construir | Palisade Wall |
| 18:55 | Construir | Farm |
| 18:58 | Construir | Farm |
| 19:22 | Construir | Farm |
| 19:23 | Construir | Farm |
| 19:28 | Investigar | Horse Collar |
| 19:28 | Investigar | Horse Collar |
| 19:41 | Construir | Palisade Wall |
| 19:47 | Construir | Palisade Wall |
| 20:03 | Edad | Edad de los Castillos |
| 20:14 | Crear | Spearman |
| 20:23 | Construir | Palisade Wall |
| 20:31 | Construir | Palisade Wall |
| 20:39 | Construir | Stone Wall |
| 20:43 | Construir | House |
| 20:45 | Construir | Palisade Wall |
| 20:46 | Construir | Palisade Wall |
| 21:02 | Crear | Villager (Male) |
| 21:04 | Construir | Palisade Wall |
| 21:11 | Crear | Spearman |
| 21:11 | Crear | Spearman |
| 21:37 | Construir | Stone Wall |
| 21:38 | Construir | Stone Wall |
| 21:39 | Construir | Stone Wall |
| 21:43 | Crear | Villager (Male) |
| 21:56 | Construir | Castle |
| 22:02 | Crear | Spearman |
| 22:05 | Crear | Villager (Male) |
| 22:05 | Crear | Villager (Male) |
| 22:24 | Construir | Stone Wall |
| 22:25 | Construir | Stone Wall |
| 22:31 | Construir | House |
| 22:32 | Construir | Stone Wall |
| 22:40 | Crear | Villager (Male) |
| 22:51 | Construir | Palisade Wall |
| 22:52 | Construir | Stone Wall |
| 23:09 | Construir | Stone Wall |
| 23:19 | Crear | Villager (Male) |
| 23:21 | Crear | War Wagon |
| 23:33 | Crear | War Wagon |
| 23:40 | Construir | Palisade Wall |
| 23:49 | Construir | Farm |
| 23:54 | Construir | Farm |
| 24:05 | Crear | Villager (Male) |
| 24:36 | Construir | Town Center |
| 24:41 | Crear | Villager (Male) |
| 24:44 | Crear | War Wagon |
| 25:18 | Crear | Villager (Male) |
| 25:22 | Construir | Farm |
| 25:29 | Construir | Lumber Camp |
| 25:37 | Construir | Palisade Gate |
| 25:41 | Crear | Villager (Male) |
| 25:48 | Crear | War Wagon |
| 26:01 | Crear | Villager (Male) |
| 26:21 | Crear | Villager (Male) |
| 26:33 | Crear | War Wagon |
| 26:56 | Crear | Villager (Male) |
| 27:17 | Crear | Villager (Male) |
| 27:24 | Crear | Villager (Male) |
| 27:24 | Crear | Villager (Male) |
| 27:45 | Crear | Villager (Male) |
| 27:47 | Crear | War Wagon |
| 27:58 | Crear | Villager (Male) |
| 28:04 | Crear | Villager (Male) |
| 28:06 | Investigar | Town Watch |
| 28:25 | Crear | Villager (Male) |
| 28:26 | Crear | Villager (Male) |
| 28:32 | Construir | Mining Camp |
| 28:43 | Crear | Villager (Male) |
| 28:47 | Construir | Farm |
| 28:50 | Construir | Farm |
| 28:54 | Construir | Farm |
| 28:55 | Construir | Farm |
| 29:07 | Crear | Villager (Male) |
| 29:13 | Construir | Town Center |
Cronología de la partida
| 2:51 | m1gzu · wall_segment Palisade Wall x1 |
| 3:09 | m1gzu · wall_segment Palisade Wall x1 |
| 3:22 | m1gzu · wall_segment Palisade Wall x1 |
| 3:24 | RoR | AngelinaJolie · wall_segment Palisade Wall x9 |
| 3:25 | m1gzu · wall_segment Palisade Wall x2 |
| 3:25 | RoR | AngelinaJolie · wall_segment Palisade Wall x6 |
| 3:51 | m1gzu · wall_segment Palisade Wall x1 |
| 5:55 | 灵魂恰恰恰 · wall_segment Palisade Wall x1 |
| 6:00 | 灵魂恰恰恰 · wall_segment Palisade Wall x1 |
| 7:07 | RoR | AngelinaJolie · wall_segment Palisade Wall x14 |
| 7:19 | ChatGPT · first_building Dock |
| 7:26 | m1gzu · wall_segment Palisade Wall x1 |
| 8:16 | dse · first_building Dock |
| 8:42 | dse · wall_segment Palisade Wall x8 |
| 8:43 | dse · wall_segment Palisade Wall x1 |
| 8:44 | RoR | AngelinaJolie · wall_segment Palisade Wall x3 |
| 9:00 | RoR | AngelinaJolie · wall_segment Palisade Wall x10 |
| 9:04 | RoR | AngelinaJolie · wall_segment Palisade Wall x4 |
| 9:06 | dse · wall_segment Palisade Wall x1 |
| 9:29 | Gordito · wall_segment Palisade Wall x8 |
| 9:33 | RoR | AngelinaJolie · wall_segment Palisade Wall x2 |
| 9:34 | dse · wall_segment Palisade Wall x13 |
| 9:36 | RoR | AngelinaJolie · wall_segment Palisade Wall x2 |
| 9:39 | m1gzu · wall_segment Palisade Wall x1 |
| 9:45 | RoR | AngelinaJolie · wall_segment Palisade Wall x12 |
| 9:47 | RoR | AngelinaJolie · wall_segment Palisade Wall x5 |
| 10:18 | dse · wall_segment Palisade Wall x6 |
| 10:28 | dse · wall_segment Palisade Wall x14 |
| 10:43 | Gordito · wall_segment Palisade Wall x7 |
| 10:44 | Gordito · wall_segment Palisade Wall x1 |
| 10:47 | ^_^ · first_building Barracks |
| 10:50 | PraYs · wall_segment Palisade Wall x1 |
| 10:51 | PraYs · wall_segment Palisade Wall x1 |
| 10:55 | PraYs · wall_segment Palisade Wall x15 |
| 11:01 | PraYs · wall_segment Palisade Wall x12 |
| 11:02 | RoR | AngelinaJolie · wall_segment Palisade Wall x5 |
| 11:03 | ^_^ · wall_segment Palisade Wall x2 |
| 11:05 | ^_^ · wall_segment Palisade Wall x7 |
| 11:06 | RoR | AngelinaJolie · wall_segment Palisade Wall x8 |
| 11:06 | PraYs · wall_segment Palisade Wall x5 |
| 11:10 | 灵魂恰恰恰 · first_building Barracks |
| 11:11 | ^_^ · wall_segment Palisade Wall x7 |
| 11:13 | RoR | AngelinaJolie · wall_segment Palisade Wall x17 |
| 11:15 | Gordito · wall_segment Palisade Wall x13 |
| 11:17 | PraYs · wall_segment Palisade Wall x20 |
| 11:27 | m1gzu · wall_segment Palisade Wall x1 |
| 11:32 | m1gzu · wall_segment Palisade Wall x1 |
| 11:45 | m1gzu · wall_segment Palisade Wall x1 |
| 11:49 | m1gzu · wall_segment Palisade Wall x1 |
| 11:55 | PraYs · wall_segment Palisade Wall x19 |
| 11:58 | 灵魂恰恰恰 · age_up feudal |
| 11:59 | Gordito · wall_segment Palisade Wall x1 |
| 12:10 | 灵魂恰恰恰 · first_building Archery Range |
| 12:14 | Gordito · wall_segment Palisade Wall x6 |
| 12:16 | ChatGPT · wall_segment Palisade Wall x7 |
| 12:17 | RoR | AngelinaJolie · wall_segment Palisade Wall x1 |
| 12:17 | Gordito · wall_segment Palisade Wall x10 |
| 12:27 | dse · wall_segment Palisade Wall x8 |
| 12:29 | m1gzu · age_up feudal |
| 12:29 | ChatGPT · wall_segment Palisade Wall x11 |
| 12:30 | Gordito · wall_segment Palisade Wall x10 |
| 13:50 | ^_^ · age_up feudal |
| 13:56 | RoR | AngelinaJolie · age_up feudal |
| 13:57 | ^_^ · first_building Stable |
| 14:03 | dse · wall_segment Palisade Wall x8 |
| 14:11 | PraYs · age_up feudal |
| 14:19 | ChatGPT · age_up feudal |
| 14:26 | dse · age_up feudal |
| 14:49 | Gordito · age_up feudal |
| 15:40 | PraYs · wall_segment Palisade Wall x1 |
| 15:59 | RoR | AngelinaJolie · wall_segment Palisade Wall x1 |
| 16:01 | Gordito · first_building Barracks |
| 16:02 | m1gzu · age_up castle |
| 16:37 | m1gzu · first_building Castle |
| 16:59 | Gordito · first_building Archery Range |
| 17:30 | ^_^ · age_up castle |
| 17:47 | PraYs · age_up castle |
| 17:47 | Gordito · first_building Stable |
| 17:48 | PraYs · wall_segment Palisade Wall x1 |
| 17:56 | RoR | AngelinaJolie · age_up castle |
| 18:11 | RoR | AngelinaJolie · first_building Castle |
| 18:14 | ChatGPT · age_up castle |
| 18:16 | 灵魂恰恰恰 · wall_segment Palisade Wall x1 |
| 18:18 | 灵魂恰恰恰 · wall_segment Palisade Wall x1 |
| 18:18 | PraYs · first_building Monastery |
| 18:22 | Gordito · age_up castle |
| 18:24 | ChatGPT · first_building Castle |
| 18:27 | PraYs · first_market_buy 100 food |
| 18:41 | 灵魂恰恰恰 · wall_segment Palisade Wall x2 |
| 18:46 | 灵魂恰恰恰 · wall_segment Palisade Wall x1 |
| 19:03 | dse · age_up castle |
| 19:06 | dse · first_building Castle |
| 19:18 | m1gzu · first_market_buy 100 wood |
| 19:41 | 灵魂恰恰恰 · wall_segment Palisade Wall x1 |
| 19:47 | 灵魂恰恰恰 · wall_segment Palisade Wall x9 |
| 19:53 | ^_^ · first_building Monastery |
| 20:03 | 灵魂恰恰恰 · age_up castle |
| 20:23 | 灵魂恰恰恰 · wall_segment Palisade Wall x1 |
| 20:31 | 灵魂恰恰恰 · wall_segment Palisade Wall x1 |
| 20:39 | 灵魂恰恰恰 · wall_segment Stone Wall x1 |
| 20:44 | dse · first_market_buy 100 food |
| 20:45 | 灵魂恰恰恰 · wall_segment Palisade Wall x1 |
| 20:46 | 灵魂恰恰恰 · wall_segment Palisade Wall x1 |
| 21:04 | 灵魂恰恰恰 · wall_segment Palisade Wall x1 |
| 21:20 | dse · first_building Monastery |
| 21:37 | 灵魂恰恰恰 · wall_segment Stone Wall x1 |
| 21:38 | 灵魂恰恰恰 · wall_segment Stone Wall x1 |
| 21:39 | 灵魂恰恰恰 · wall_segment Stone Wall x1 |
| 21:56 | 灵魂恰恰恰 · first_building Castle |
| 22:24 | 灵魂恰恰恰 · wall_segment Stone Wall x1 |
| 22:25 | 灵魂恰恰恰 · wall_segment Stone Wall x1 |
| 22:30 | dse · first_building Barracks |
| 22:32 | 灵魂恰恰恰 · wall_segment Stone Wall x1 |
| 22:39 | Gordito · first_building Monastery |
| 22:51 | 灵魂恰恰恰 · wall_segment Palisade Wall x1 |
| 22:52 | 灵魂恰恰恰 · wall_segment Stone Wall x1 |
| 22:53 | m1gzu · wall_segment Palisade Wall x1 |
| 23:09 | 灵魂恰恰恰 · wall_segment Stone Wall x1 |
| 23:40 | 灵魂恰恰恰 · wall_segment Palisade Wall x1 |
| 24:21 | RoR | AngelinaJolie · wall_segment Stone Wall x1 |
| 25:17 | m1gzu · first_market_sell 100 food |
| 25:24 | dse · first_building Stable |
| 25:57 | PraYs · first_building Barracks |
| 25:58 | Gordito · wall_segment Palisade Wall x1 |
| 25:59 | Gordito · wall_segment Palisade Wall x1 |
| 26:04 | Gordito · wall_segment Palisade Wall x1 |
| 26:18 | ChatGPT · first_building Barracks |
| 26:39 | PraYs · first_building Castle |
| 26:59 | RoR | AngelinaJolie · first_market_buy 100 food |
| 27:09 | m1gzu · first_building Monastery |
| 27:25 | ChatGPT · first_building Stable |
| 30:17 | 灵魂恰恰恰 · first_building Monastery |
| 30:36 | PraYs · age_up imperial |
| 30:39 | RoR | AngelinaJolie · first_building Barracks |
| 30:47 | PraYs · first_building Siege Workshop |
| 30:48 | m1gzu · first_building Barracks |
| 30:57 | 灵魂恰恰恰 · wall_segment Stone Wall x1 |
| 30:59 | 灵魂恰恰恰 · wall_segment Stone Wall x1 |
| 31:00 | 灵魂恰恰恰 · wall_segment Stone Wall x1 |
| 31:03 | 灵魂恰恰恰 · wall_segment Stone Wall x1 |
| 31:18 | ChatGPT · first_building Archery Range |
| 31:28 | dse · first_building Siege Workshop |
| 31:29 | 灵魂恰恰恰 · wall_segment Stone Wall x1 |
| 31:37 | RoR | AngelinaJolie · first_building Stable |
| 31:48 | RoR | AngelinaJolie · first_market_sell 100 wood |
| 32:31 | RoR | AngelinaJolie · wall_segment Palisade Wall x1 |
| 32:31 | RoR | AngelinaJolie · wall_segment Palisade Wall x1 |
| 32:32 | 灵魂恰恰恰 · first_market_buy 100 stone |
| 32:35 | 灵魂恰恰恰 · first_market_sell 100 wood |
| 32:58 | ^_^ · first_building Castle |
| 33:03 | 灵魂恰恰恰 · wall_segment Stone Wall x1 |
| 33:05 | 灵魂恰恰恰 · wall_segment Stone Wall x1 |
| 33:06 | 灵魂恰恰恰 · wall_segment Stone Wall x1 |
| 33:20 | ^_^ · age_up imperial |
| 33:33 | 灵魂恰恰恰 · wall_segment Palisade Wall x1 |
| 33:34 | 灵魂恰恰恰 · wall_segment Palisade Wall x1 |
| 33:56 | ChatGPT · age_up imperial |
| 34:01 | ^_^ · first_building Siege Workshop |
| 34:02 | dse · first_market_sell 100 food |
| 34:05 | RoR | AngelinaJolie · age_up imperial |
| 34:09 | ChatGPT · first_market_sell 100 food |
| 34:21 | RoR | AngelinaJolie · first_building Siege Workshop |
| 34:35 | 灵魂恰恰恰 · first_building Siege Workshop |
| 34:48 | PraYs · first_market_sell 100 wood |
| 35:40 | 灵魂恰恰恰 · wall_segment Stone Wall x5 |
| 36:21 | m1gzu · age_up imperial |
| 37:01 | 灵魂恰恰恰 · wall_segment Stone Wall x1 |
| 37:02 | 灵魂恰恰恰 · wall_segment Stone Wall x1 |
| 37:27 | dse · age_up imperial |
| 39:16 | RoR | AngelinaJolie · wall_segment Stone Wall x1 |
| 39:17 | RoR | AngelinaJolie · wall_segment Stone Wall x1 |
| 39:18 | RoR | AngelinaJolie · wall_segment Stone Wall x1 |
| 39:37 | ^_^ · first_market_sell 100 food |
| 39:39 | dse · wall_segment Stone Wall x1 |
| 39:55 | Gordito · first_market_sell 500 food |
| 40:03 | dse · wall_segment Stone Wall x7 |
| 40:19 | dse · wall_segment Stone Wall x6 |
| 40:23 | ^_^ · wall_segment Palisade Wall x1 |
| 40:24 | ^_^ · wall_segment Palisade Wall x1 |
| 42:05 | dse · first_building Archery Range |
| 43:43 | 灵魂恰恰恰 · age_up imperial |
| 44:32 | Gordito · first_building Castle |
| 44:55 | Gordito · wall_segment Palisade Wall x1 |
| 44:59 | Gordito · wall_segment Palisade Wall x1 |
| 45:04 | Gordito · wall_segment Palisade Wall x1 |
| 46:23 | m1gzu · first_building Siege Workshop |
| 46:48 | Gordito · age_up imperial |
| 47:02 | Gordito · wall_segment Palisade Wall x1 |
| 47:11 | Gordito · wall_segment Palisade Wall x1 |
| 47:37 | 灵魂恰恰恰 · wall_segment Palisade Wall x1 |
| 47:39 | 灵魂恰恰恰 · wall_segment Palisade Wall x1 |
| 48:03 | RoR | AngelinaJolie · first_building Archery Range |
| 48:58 | Gordito · wall_segment Palisade Wall x1 |
| 49:09 | RoR | AngelinaJolie · tribute_sent a jugador 1 |
| 49:09 | RoR | AngelinaJolie · tribute_sent a jugador 2 |
| 49:09 | RoR | AngelinaJolie · tribute_sent a jugador 3 |
| 49:09 | RoR | AngelinaJolie · tribute_sent a jugador 4 |
| 49:09 | RoR | AngelinaJolie · tribute_sent a jugador 6 |
| 49:09 | RoR | AngelinaJolie · tribute_sent a jugador 7 |
| 49:09 | RoR | AngelinaJolie · tribute_sent a jugador 8 |
| 55:23 | ^_^ · first_building Archery Range |
| 56:34 | dse · tribute_sent a jugador 1 |
| 56:34 | dse · tribute_sent a jugador 3 |
| 56:34 | dse · tribute_sent a jugador 4 |
| 56:34 | dse · tribute_sent a jugador 5 |
| 56:34 | dse · tribute_sent a jugador 6 |
| 56:34 | dse · tribute_sent a jugador 7 |
| 56:34 | dse · tribute_sent a jugador 8 |
| 56:50 | ^_^ · first_market_buy 100 food |
| 57:04 | 灵魂恰恰恰 · wall_segment Stone Wall x6 |
| 57:07 | 灵魂恰恰恰 · wall_segment Stone Wall x1 |
| 58:34 | 灵魂恰恰恰 · wall_segment Stone Wall x1 |
| 60:19 | ChatGPT · first_market_buy 100 food |
| 63:32 | PraYs · tribute_sent a jugador 2 |
| 63:32 | PraYs · tribute_sent a jugador 3 |
| 63:32 | PraYs · tribute_sent a jugador 4 |
| 63:32 | PraYs · tribute_sent a jugador 5 |
| 63:32 | PraYs · tribute_sent a jugador 6 |
| 63:32 | PraYs · tribute_sent a jugador 7 |
| 63:32 | PraYs · tribute_sent a jugador 8 |
| 63:56 | ^_^ · tribute_sent a jugador 1 |
| 63:56 | ^_^ · tribute_sent a jugador 2 |
| 63:56 | ^_^ · tribute_sent a jugador 3 |
| 63:56 | ^_^ · tribute_sent a jugador 5 |
| 63:56 | ^_^ · tribute_sent a jugador 6 |
| 63:56 | ^_^ · tribute_sent a jugador 7 |
| 63:56 | ^_^ · tribute_sent a jugador 8 |
| 67:49 | RoR | AngelinaJolie · tribute_sent a jugador 1 |
| 67:49 | RoR | AngelinaJolie · tribute_sent a jugador 2 |
| 67:49 | RoR | AngelinaJolie · tribute_sent a jugador 3 |
| 67:49 | RoR | AngelinaJolie · tribute_sent a jugador 4 |
| 67:49 | RoR | AngelinaJolie · tribute_sent a jugador 6 |
| 67:49 | RoR | AngelinaJolie · tribute_sent a jugador 7 |
| 67:49 | RoR | AngelinaJolie · tribute_sent a jugador 8 |
| 67:52 | dse · wall_segment Stone Wall x19 |
| 69:12 | PraYs · first_building Archery Range |
| 69:18 | ^_^ · resign |
[ ANÁLISIS IA · 1 CRÉDITO ]
¿Qué pasó realmente en esta partida?
Wolo.gg analiza cada decisión: build order, eco, micro, errores típicos por bracket. Análisis personalizado por WhatsApp o Discord en 30 segundos.
Guía civ
Bizantinos
Perfil
Jugador #2734385